 Dungeon Crawl Stone Soup version 0.19-a0-1091-g463c9de (webtiles) character file.

651 HaroldButt the Conjurer (level 7, -5/50 HPs)
             Began as a Purple Draconian Conjurer on Aug 7, 2016.
             Slain by herpmino's ghost (15 damage)
             ... on level 4 of the Dungeon.
             The game lasted 00:17:32 (2887 turns).

HaroldButt the Conjurer (Purple Draconian Conjurer) Turns: 2887, Time: 00:17:33

Health: -5/50      AC: 11    Str: 10    XL:     7   Next: 28%
Magic:  3/14       EV: 12    Int: 17    God:
Gold:   258        SH:  0    Dex: 18    Spells: 4 memorised, 3 levels left

rFire  . . .     SeeInvis .     v - +4 quarterstaff (chaos)
rCold  . . .     Gourm    .     (armour unavailable)
rNeg   . . .     Faith    .     (shield currently unavailable)
rPois  .         Spirit   .     (helmet restricted)
rElec  .         Dismiss  .     i - +0 cloak
rCorr  .         Reflect  .     m - +1 pair of gloves
SustAt .         Harm     .     l - +1 pair of boots
MR     +....                    (no amulet)
Stlth  ++........               (no ring)
                                r - +6 ring of dexterity

@: very slightly contaminated
A: breathe power, unfitting armour, cold-blooded, AC +6
a: Breathe Dispelling Energy


You were on level 4 of the Dungeon.
You were very hungry.

You visited 1 branch of the dungeon, and saw 4 of its levels.

You collected 258 gold pieces.

Inventory:

Hand Weapons
 e - a +0 dagger
 v - a +4 quarterstaff of chaos (weapon)
Missiles
 c - 5 curare-tipped needles
Armour
 i - a +0 cloak (worn)
 l - a +1 pair of boots (worn)
 m - a +1 pair of gloves (worn)
 p - a +2 shield of protection
Jewellery
 r - a +6 ring of dexterity (left hand)
Wands
 t - a wand of random effects (31/48)
Scrolls
 d - a scroll of identify
 f - a scroll of teleportation
 g - a scroll of remove curse
 k - a scroll of magic mapping
 n - 2 scrolls of recharging
 s - a scroll of fog
 x - a scroll of random uselessness {unknown}
Potions
 h - 3 potions of curing
 j - a potion of haste
 o - 3 potions of berserk rage
 z - a potion of heal wounds {unknown}
Books
 a - a book of Conjurations

   Spells                             Type                      Level
   a - Magic Dart                     Conjuration                  1
   b - Searing Ray                    Conjuration                  2
   c - Dazzling Spray                 Conjuration/Hexes            3
   d - Fulminant Prism                Conjuration/Hexes            4
   e - Iskenderun's Mystic Blast      Conjuration                  4
   f - Iskenderun's Battlesphere      Conjuration/Charms           5
Comestibles
 b - 5 bread rations
 q - 2 slices of pizza
 w - a royal jelly


   Skills:
 - Level 1.7 Dodging
 - Level 1.7 Stealth
 - Level 4.8 Spellcasting
 + Level 7.9 Conjurations
 - Level 1.2 Charms


You had 3 spell levels left.
You knew the following spells:

 Your Spells              Type           Power        Failure   Level  Hunger
a - Magic Dart            Conj           ####         1%          1    None
b - Searing Ray           Conj           ####..       1%          2    #......
c - Iskenderun's Mystic   Conj           ####....     8%          4    ####...
d - Iskenderun's Battles  Conj/Chrm      ###.....     71%         5    ######.


Dungeon Overview and Level Annotations

Branches:
Dungeon (4/15)
 Temple: D:4-7

Altars:
Ashenzari
Pakellas

Annotations:
D:4 herpmino's ghost, amateur FoFi


Innate Abilities, Weirdness & Mutations

You can breathe bolts of dispelling energy.
Your rich purple scales are hard. (AC +6)
Your body does not fit into most forms of armour.
You are cold-blooded and may be slowed by cold attacks.


Message History

Press: ? - help, Shift-Dir - straight line, f/p - herpmino's ghost
Aim: herpmino's ghost (almost destroyed)
The magic dart hits herpmino's ghost.
Herpmino's ghost is almost destroyed.
Herpmino's ghost wails.
Herpmino's ghost hits you!
* * * LOW HITPOINT WARNING * * *
You see here a giant club.
You see here a giant club.
Casting: Magic Dart
Confirm with . or Enter, or press ? or * to list all spells.
Aiming: Iskenderun's Mystic Blast
Press: ? - help, Shift-Dir - straight line, f/p - herpmino's ghost
Aim: herpmino's ghost (almost destroyed)
You miscast Iskenderun's Mystic Blast.
You are very lightly contaminated with residual magic.
You smell something strange.
Herpmino's ghost says, "Try not to bleed too much."
Herpmino's ghost hits you!
You die...

### ... #.# .... #.#
#...# #.##
########..... ##..###
#...........# #.....#
#............ #.#.#@##
#..........##
#.#.#.W###............
#.#)##................
##.#.######............
#........##............
#........##.......()...
#....................##
###.#...#.#...###.....#
#.....#.#...# ......


You could see herpmino's ghost.

Vanquished Creatures
  Grinder (D:4)
  An ogre (D:4)
  A scorpion (D:4)
  A quasit (D:3)
  A giant frog skeleton (D:3)
  Crazy Yiuf (D:2)
  Jessica (D:2)
  Terence (D:2)
  A hound skeleton (D:3)
  3 gnolls (D:4)
  6 adders
  2 oozes
  3 worms
  2 dart slugs (D:3)
  2 giant geckos (D:2)
  2 orcs (D:3)
  4 giant cockroaches
  5 hobgoblins
  3 jackals (D:2)
  6 kobolds
  A quokka (D:3)
  3 ball pythons
  4 bats
  5 giant newts
  8 goblins
  5 rats
73 creatures vanquished.

Notes
Turn   | Place    | Note
-------+----------+-------------------------------------------
     0 | D:1      | HaroldButt the Draconian Conjurer began the quest for the Orb.
     0 | D:1      | Reached XP level 1. HP: 14/14 MP: 3/3
   354 | D:1      | Reached XP level 2. HP: 20/20 MP: 0/5
   371 | D:1      | You fall through a shaft!
   460 | D:2      | Learned a level 2 spell: Searing Ray
   898 | D:2      | Noticed Jessica
   904 | D:2      | Killed Jessica
   904 | D:2      | Reached XP level 3. HP: 26/26 MP: 0/7
  1064 | D:2      | Reached skill level 5 in Conjurations
  1127 | D:2      | Reached XP level 4. HP: 31/33 MP: 1/8
  1246 | D:2      | Noticed Terence
  1265 | D:2      | Killed Terence
  1415 | D:2      | Found a runed door.
  1596 | D:2      | Noticed Crazy Yiuf
  1601 | D:2      | Killed Crazy Yiuf
  1696 | D:3      | Reached XP level 5. HP: 38/38 MP: 5/9
  1702 | D:3      | Learned a level 4 spell: Iskenderun's Mystic Blast
  1936 | D:3      | Reached skill level 6 in Conjurations
  2067 | D:3      | Reached XP level 6. HP: 45/45 MP: 6/12
  2074 | D:3      | Learned a level 5 spell: Iskenderun's Battlesphere
  2433 | D:4      | Found an oddly glowing altar of Pakellas.
  2433 | D:4      | Found a shattered altar of Ashenzari.
  2518 | D:4      | Noticed Grinder
  2530 | D:4      | Killed Grinder
  2530 | D:4      | Reached skill level 7 in Conjurations
  2540 | D:4      | Reached skill level 1 in Charms
  2540 | D:4      | Your scales start taking on a rich purple colour.
  2540 | D:4      | Reached XP level 7. HP: 48/50 MP: 1/14
  2588 | D:4      | Noticed herpmino's ghost (amateur FoFi)
  2785 | D:4      | HP: 2/50 [herpmino's ghost (14)]
  2887 | D:4      | Slain by herpmino's ghost

Vault maps used:
D:1:      shiori_arrival_maze, hangedman_feature_mirror
D:2:      minivault_24, uniq_terence, uniq_jessica, uniq_crazy_yiuf_cottage
D:3:      grunt_ministairs_3
D:4:      gammafunk_temple_overflow_elements, first_bread,
          grunt_decor_mini_mirrors, uniq_sigmund, uniq_grinder

Skill      XL: |  1  2  3  4  5  6 |
---------------+-------------------+-----
Conjurations   | 5 6 7 |  7.9
Spellcasting   | 3 4 |  4.8
Charms         | 1 |  1.2
Dodging        | |  1.7
Stealth        | |  1.7

Action                   |  1- 3 |  4- 6 |  7- 9 || total
-------------------------+-------+-------+-------++-------
Melee: Dagger            |    41 |     9 |       ||    50
       Tailslap          |     3 |     5 |     1 ||     9
       Quarterstaff      |       |    42 |     4 ||    46
 Cast: Magic Dart        |    35 |    29 |     4 ||    68
       Searing Ray       |     2 |     7 |     6 ||    15
       Iskenderun's Myst |       |       |     2 ||     2
  Use: Scroll            |       |    12 |       ||    12
 Stab: Sleeping          |     3 |     3 |       ||     6
  Eat: Chunk             |     1 |     5 |       ||     6
Armor: Skin              |    15 |    28 |     8 ||    51
Dodge: Dodged            |    24 |    37 |     9 ||    70
